 Dungeon Crawl Stone Soup version 0.31.0-1-g2c135a008e (webtiles) character file.

Game seed: 18081083754900864401

116 qw the Shooter (level 5, -1/40 HPs)
             Began as a Djinni Hunter on Jan 24, 2024.
             Slain by a goblin
             ... wielding a +0 club
             ... led by Robin
              (4 damage)
             ... on level 3 of the Dungeon.
             The game lasted 00:00:05 (1322 turns).

qw the Shooter (Djinni Hunter)                      Turns: 1322, Time: 00:00:06

Health: -1/40      AC:  3    Str: 10    XL:     5   Next: 20%
Gold:   45         EV: 13    Int: 10    God:
                   SH:  0    Dex: 19

rFire   + . .        a - +1 shortbow
rCold   . . .        (shield currently unavailable)
rNeg    . . .        c - +0 leather armour
rPois   inf          (no helmet)
rElec   .            (no cloak)
rCorr   .            (no gloves)
SInv    .            (boots unavailable)
Will    .....        (no amulet)
Stlth   +            f - ring of ice
HPRegen 0.26/turn    (no ring)
MPRegen 0.00/turn

%: infuse magic (-2 HP)
@: on fire, about to teleport, flying, glowing
A: sickness immunity, fire resistance 2, cold vulnerability 1, float, innate
caster, HP casting, extra vitality 1
a: no special abilities


You were on level 3 of the Dungeon.
You visited 1 branch of the dungeon, and saw 3 of its levels.

You collected 45 gold pieces.


Innate Abilities, Weirdness & Mutations

You are immune to sickness and miasma.
You are immune to poison.
Your flesh is very heat resistant. (rF++)
You are vulnerable to cold. (rC-)
You float through the air rather than walking.
You learn spells naturally, not from books.
Your magical power is your life essence.
You have superior vitality. (+4 MHP)


   Skills:
 - Level 3.0 Fighting
 + Level 4.3 Ranged Weapons
 - Level 3.0 Dodging
 - Level 0.7 Stealth


You knew the following spells:

 Your Spells              Type           Power      Damage    Failure   Level
a - Sting                 Conj/Alch      0%         1d3       45%         1
b - Jinxbite              Hex            0%         N/A       61%         2
Your spell library was empty.

Inventory:

Hand Weapons
 a - a +1 shortbow (weapon)
Armour
 b - a +0 ring mail
 c - a +0 leather armour (worn)
Jewellery
 f - a ring of ice (left hand)
Potions
 j - 4 potions of curing

Dungeon Overview and Level Annotations

Branches:
Dungeon (3/15)

Altars:
Cheibriados

Shops:
D:2 *

Annotations:
D:1 1 runed translucent door
D:3 Robin


Message History

The hobgoblin hits you but does no damage.
The goblin barely misses you.
The bombardier beetle sprays incendiary fluid at you.
The burning spray misses you.
The burning spray hits the goblin.
You shoot an arrow. The goblin shouts!
The arrow hits the bombardier beetle.
You kill the bombardier beetle!
The liquid fire burns you!
The goblin burns!
The goblin dies!
Robin throws the goblin at you! The goblin barely misses you.
The goblin misses you. The goblin barely misses you.
The goblin hits you with a +0 dagger.
The hobgoblin hits you but does no damage.
The goblin completely misses you. The goblin hits you with a +0 club. x2
The goblin completely misses you. The hobgoblin barely misses you.
The goblin hits you but does no damage.
You have reached level 5!
The power to cast Jinxbite wells up from within.
Spell assigned to 'b'.
You shoot an arrow. The arrow hits the goblin!
You kill the goblin!
The liquid fire burns you!
The goblin hits you but does no damage. x2; The goblin misses you.
The goblin hits you with a +0 club. The hobgoblin hits you.
You shoot an arrow. The arrow hits the hobgoblin.
The hobgoblin is moderately wounded.
The liquid fire burns you! The goblin closely misses you.
The hobgoblin barely misses you. The goblin barely misses you.
The goblin misses you.
The hobgoblin hits you but does no damage.
The goblin hits you with a +0 dagger.
1322 ||| READING scroll of teleportation.
As you read the scroll of teleportation, it crumbles to dust.
You feel strangely unstable. The liquid fire burns you!
The goblin hits you with a +0 dagger. The hobgoblin hits you.
The goblin hits you with a +0 club.
You die...

.. #### #.. ..... #.. .....
#.## .?%... #...###g.....
#..#gg..... ##g@gg.....
##.ggg...... # ##..#########
#. ###..###.._..#
##.##...##.#.....#
..##..........#.....######
......#.......#.....#....##
..............#.....#.....##
(##.#..#......##'''##......#


You could see Robin, 3 hobgoblins and 5 goblins.

Vanquished Creatures
  A bombardier beetle (D:3)
  Natasha (D:3)
  2 adders (D:2)
  2 ribbon worms
  5 ball pythons
  2 bats (D:1)
  4 endoplasms
  6 goblins
  2 hobgoblins
  5 jackals
  3 frilled lizards
  A kobold (D:2)
  3 rats
37 creatures vanquished.

Vanquished Creatures (others)
  A goblin (D:3)
1 creature vanquished.

Grand Total: 38 creatures vanquished

Notes
Turn   | Place    | Note
-------+----------+-------------------------------------------
     0 | D:1      | qw the Djinni Hunter began the quest for the Orb.
     0 | D:1      | Reached XP level 1. HP: 18/18 MP: 0/0
     0 | D:1      | 0 ||| qw: Version: 0.3-a-136-gdd3b4e8
     0 | D:1      | 0 ||| qw: Game counter: 1266
     0 | D:1      | 0 ||| qw: Melee chars always use a shield: true
     0 | D:1      | 0 ||| qw: God list: Okawaru
     0 | D:1      | 0 ||| qw: Allow faded altars: false
     0 | D:1      | 0 ||| qw: Do Orc after clearing Dungeon:15 true
     0 | D:1      | 0 ||| qw: Do second Lair branch before Depths: true
     0 | D:1      | 0 ||| qw: Lair rune preference: random
     0 | D:1      | 0 ||| qw: Goals: Normal
     0 | D:1      | 0 ||| PLANNING D:1-11
     1 | D:1      | Found a runed translucent door.
   133 | D:1      | Reached XP level 2. HP: 23/23 MP: 0/0
   521 | D:1      | 521 ||| READING 2 scrolls labelled RETITISTRIA.
   521 | D:1      | 521 ||| IDENTIFYING dark potion
   522 | D:1      | 522 ||| READING scroll of identify.
   522 | D:1      | 522 ||| IDENTIFYING scroll labelled BEKIKK UDUUFURGHO
   523 | D:1      | 523 ||| READING scroll of enchant weapon.
   523 | D:1      | 523 ||| ENCHANTING +0 shortbow.
   524 | D:1      | 524 ||| READING 2 scrolls labelled ALUCIS JADALOO.
   625 | D:1      | 625 ||| READING scroll labelled TUMEGA POCVIXU.
   626 | D:1      | 626 ||| READING scroll labelled CEAZUQ SAQYIV.
   686 | D:1      | 686 ||| READING scroll labelled SAN LOAHOOSM.
   686 | D:1      | 686 ||| ENCHANTING +1 shortbow.
   687 | D:1      | 687 ||| DROPPING scroll of butterflies.
   688 | D:1      | 688 ||| DROPPING scroll of vulnerability.
   787 | D:2      | Reached XP level 3. HP: 28/28 MP: 0/0
   787 | D:2      | Learned a level 1 spell: Sting
   797 | D:2      | Found Rydd's General Store.
   804 | D:2      | Reached skill level 4 in Ranged Weapons
   808 | D:2      | 808 ||| SHOPLISTING +6 arbalest "Damnation" {damnation}
                  | (960 gold, have 24).
   808 | D:2      | 808 ||| SHOPLISTING ring "Seam" {Ice Str+3 Int-5 Stlth+}
                  | (367 gold, have 24).
   808 | D:2      | 808 ||| SHOPLISTING scroll of teleportation (36 gold, have
                  | 24).
   953 | D:2      | Reached XP level 4. HP: 34/34 MP: 0/0
  1152 | D:2      | 1152 ||| UPGRADING to ring of ice.
  1153 | D:2      | 1153 ||| READING 2 scrolls of identify.
  1153 | D:2      | 1153 ||| IDENTIFYING 2 sedimented red potions
  1154 | D:2      | 1154 ||| READING scroll of identify.
  1154 | D:2      | 1154 ||| IDENTIFYING scroll labelled ANIUGO HEONGOL
  1155 | D:2      | 1155 ||| DROPPING 2 potions of attraction.
  1156 | D:2      | 1156 ||| DROPPING scroll of noise.
  1163 | D:3      | 1163 ||| PLANNING SEWER
  1165 | D:3      | 1165 ||| STAIRDANCE
  1169 | D:2      | Reached skill level 3 in Fighting
  1184 | D:3      | Noticed Natasha
  1190 | D:3      | Killed Natasha
  1191 | D:3      | Reached skill level 3 in Dodging
  1270 | D:3      | Found a snail-covered altar of Cheibriados.
  1315 | D:3      | Noticed Robin
  1320 | D:3      | Reached XP level 5. HP: 22/40 MP: 0/0
  1320 | D:3      | Learned a level 2 spell: Jinxbite
  1321 | D:3      | HP: 10/40 [goblin/+0 dagger[Robin] (3)]
  1322 | D:3      | 1322 ||| READING scroll of teleportation.
  1322 | D:3      | HP: 3/40 [hobgoblin[Robin] (3)]
  1322 | D:3      | Slain by a goblin

Levels and vault maps discovered:
D:1:      dpeg_arrival_caged_fury, layout_loops_ring
D:2:      layout_rooms, serial_shops, shop_statue
D:3:      layout_rooms, slow_altar_2, regret_index_xom_buried_treasure,
          kennysheep_ying_yang, portal_sewer_entry_b, kennysheep_flooded_box,
          grunt_ministairs_8, uniq_robin, uniq_natasha

Skill      XL: |  1  2  3  4 |
---------------+-------------+-----
Ranged Weapons | 4 |  4.3
Fighting       | 3 |  3.0
Dodging        | 3 |  3.0
Stealth        | |  0.7

Action                     |  1- 3 |  4- 6 || total
---------------------------+-------+-------++-------
   Fire: Shortbow          |    58 |    41 ||    99
    Use: Scroll            |     7 |     3 ||    10
 Armour: Leather armour    |    13 |    26 ||    39
  Dodge: Dodged            |    32 |    24 ||    56

Table legend:
 A = Non-vault XP
 B = Vault XP
 C = Vault XP percentage of total XP
 D = Non-vault monster count
 E = Vault monster count
 F = Vault count percentage of total count
                 A         B        C        D         E       F
            +---------+---------+-------+---------+---------+-------
      Total |     123 |      43 |  25.9 |      33 |       4 |  10.8
            +---------+---------+-------+---------+---------+-------
        D:1 |      24 |       0 |   0.0 |      13 |       0 |   0.0
        D:2 |      52 |       0 |   0.0 |      15 |       0 |   0.0
        D:3 |      47 |      43 |  47.8 |       5 |       4 |  44.4
            +---------+---------+-------+---------+---------+-------
